 Dungeon Crawl Stone Soup version 0.30.1-4-g462c640d31 (webtiles) character file.

Game seed: 13248892975886502858

92045 Zeor the Warrior (level 16, -4/116 HPs)
             Began as a Gargoyle Gladiator on Aug 15, 2023.
             Was the Champion of Wu Jian.
             Slain by a very large slime creature (33 damage)
             ... on level 14 of the Dungeon on Aug 16, 2023.
             The game lasted 01:43:51 (20722 turns).

Zeor the Warrior (Gargoyle Gladiator)              Turns: 20722, Time: 01:43:52

Health: -4/116     AC: 40    Str: 23    XL:     16   Next: 4%
Magic:  0/16       EV: 13    Int: 12    God:    Wu Jian [******]
Gold:   1234       SH:  0    Dex: 11    Spells: 15/15 levels left

rFire   + . .        a - +4 quarterstaff (chaos)
rCold   . . .        (shield currently unavailable)
rNeg    + . .        g - +3 plate armour
rPois   ∞            P - +2 helmet {SInv}
rElec   +            D - +0 cloak {Stlth+}
rCorr   .            l - +1 pair of gloves
SInv    +            o - +1 pair of boots {Stlth+}
Will    +....        B - amulet of guardian spirit Stlth
                     k - +5 ring of evasion
HPRegen 0.39/turn    i - ring of protection from fire
MPRegen 0.15/turn

%: guardian spirit
@: flying, studying Shields
A: sickness immunity, AC +12, big wings, negative energy resistance 1,
electricity resistance, torment resistance 1, petrification resistance
a: Renounce Religion, Wall Jump, Serpent's Lash, Heavenly Storm


You were on level 14 of the Dungeon.
You worshipped Wu Jian.
Wu Jian was exalted by your worship.
You visited 3 branches of the dungeon, and saw 21 of its levels.
You also visited: Sewer.

You collected 2294 gold pieces.
You spent 1060 gold pieces at shops.

Inventory:

Hand Weapons
 a - a +4 quarterstaff of chaos (weapon)
 b - a +2 dire flail of holy wrath
 C - a +2 vampiric quarterstaff
Missiles
 d - 5 throwing nets
 e - 5 javelins (quivered)
 m - 49 poisoned darts
 n - 6 atropa-tipped darts
 w - 2 curare-tipped darts
Armour
 g - a +3 plate armour (worn)
 l - a +1 pair of gloves (worn)
 o - a +1 pair of boots of stealth (worn)
 u - the +0 helmet of Boredom {rC+ Will+ Int+3}
   (You bought it in a shop on level 2 of the Orcish Mines)

   Int:       It affects your intelligence (+3).
   rC:        It protects you from cold.
   Will:      It increases your willpower.
 D - a +0 cloak of stealth (worn)
 H - a +1 chain mail of cold resistance
 L - the +2 helmet of Weupotoh {rPois rC+ Slay+3}
   (You found it on level 7 of the Dungeon)

   Slay:      It affects your accuracy & damage with ranged weapons and melee
   (+3).
   rC:        It protects you from cold.
   rPois:     It protects you from poison.
 P - a +2 helmet of see invisible (worn)
Jewellery
 i - a ring of protection from fire (right hand)
 j - a ring of willpower
 k - a +5 ring of evasion (left hand)
 y - a ring of protection from fire
 B - an amulet of guardian spirit (around neck)
 J - an amulet of regeneration
Wands
 p - a wand of flame (27)
 s - a wand of mindburst (4)
 O - a wand of polymorph (21)
 T - a wand of iceblast (3)
 U - a wand of quicksilver (7)
 Z - a wand of charming (7)
Scrolls
 q - a scroll of fear
 t - 6 scrolls of teleportation
 v - a scroll of silence
 x - 6 scrolls of blinking
 F - 7 scrolls of amnesia
 G - a scroll of fog
 K - 2 scrolls of butterflies
 R - 2 scrolls of enchant weapon
 S - 8 scrolls of identify
 V - 3 scrolls of magic mapping
 W - a scroll of immolation
 Y - 2 scrolls of poison
Potions
 c - 2 potions of cancellation
 f - 4 potions of haste
 h - 5 potions of brilliance
 r - 3 potions of mutation
 z - 13 potions of curing
 A - a potion of ambrosia
 E - 2 potions of heal wounds
 I - 2 potions of might
 M - 4 potions of magic
 N - 3 potions of berserk rage
 X - a potion of resistance
Miscellaneous
 Q - a phial of floods


   Skills:
 + Level 19.0 Fighting
 + Level 4.0(11.4) Maces & Flails
 + Level 16.4(16.6) Staves
 + Level 1.5 Ranged Weapons
 + Level 5.1 Throwing
 + Level 11.7 Armour
 + Level 3.9 Dodging
 - Level 3.2 Stealth
 * Level 6.4 Evocations


You had 15 spell levels left.
You didn't know any spells.
Your spell library contained the following spells:

 Spells                   Type           Power      Damage    Failure   Level
 Apportation              Tloc           0%         N/A       98%         1
 Beastly Appendage        Tmut           0%         N/A       98%         1
 Freeze                   Ice            0%         1d3       98%         1
 Kiss of Death            Conj/Necr      0%         2d5       98%         1
 Sandblast                Erth           0%         2d4       98%         1
 Passwall                 Tmut/Erth      0%         N/A       99%         2
 Wereblood                Tmut           0%         N/A       99%         2
 Confusing Touch          Hex            0%         N/A       100%        3
 Frozen Ramparts          Ice            0%         1d1       100%        3
 Hailstorm                Conj/Ice       0%         3d3       100%        3
 Ignite Poison            Fire/Tmut/Pois 0%         N/A       100%        3
 Mephitic Cloud           Conj/Pois/Air  0%         N/A       100%        3
 Ozocubu's Armour         Ice            0%         N/A       100%        3
 Spider Form              Tmut/Pois      0%         N/A       100%        3
 Stone Arrow              Conj/Erth      0%         3d7       100%        3
 Vhi's Electric Charge    Tloc/Air       0%         N/A       100%        3
 Animate Armour           Summ/Erth      0%         N/A       100%        4
 Dispel Undead            Necr           0%         3d6       100%        4
 Ice Form                 Ice/Tmut       0%         N/A       100%        4
 Sticky Flame             Conj/Fire      0%         2d3       100%        4
 Alistair's Intoxication  Tmut/Pois      0%         N/A       100%        5
 Arcjolt                  Conj/Air       0%         1d10      100%        5
 Fireball                 Conj/Fire      0%         3d3       100%        5
 Freezing Cloud           Conj/Ice/Air   0%         6-21      100%        5
 Iskenderun's Battlesphe  Conj           0%         2d6       100%        5
 Metabolic Englaciation   Hex/Ice        0%         N/A       100%        5
 Conjure Ball Lightning   Conj/Air       0%         3x3d6     100%        6
 Simulacrum               Ice/Necr       0%         N/A       100%        6
 Orb of Destruction       Conj           0%         9d5       100%        7
 Ozocubu's Refrigeration  Ice            0%         4d7       100%        7
 Summon Hydra             Summ           0%         N/A       100%        7
 Ignition                 Fire           0%         3d3       100%        8
 Lehudib's Crystal Spear  Conj/Erth      0%         10d2      100%        8
 Maxwell's Capacitive Co  Air            0%         ∞         100%        8
 Sublimation of Blood     Necr           Unusable   N/A       N/A         2

Dungeon Overview and Level Annotations

Branches:
Dungeon (14/15)            Temple (0/1) D:4            Lair (5/5) D:10
  Swamp (0/4) Lair:2        Snake (0/4) Lair:2        Slime (0/5) Lair:4
    Orc (2/2) D:10            Elf (0/3) Orc:2         Sewer (visited)
 Vaults: D:13-14

Altars:
Ashenzari
Dithmenos
Fedhas
Gozag
Makhleb
Okawaru
Qazlal
Ru
Sif Muna
Vehumet
Wu Jian
Zin
The Shining One
Jiyva

Shops:
D:5 **   D:11 !   D:12 *   Orc:1 (   Orc:2 (*:[


Innate Abilities, Weirdness & Mutations

You are immune to sickness and miasma.
Your stone body is resilient. (AC +12)
You are immune to poison.
Your large and strong wings let you fly.
You resist negative energy. (rN+)
You are resistant to electric shocks. (rElec)
You are resistant to unholy torment.
You are immune to petrification.


Message History

You sock the very large slime creature!
You drain the very large slime creature.
The very large slime creature is moderately wounded.
The very large slime creature closely misses you.
You bludgeon the very large slime creature!!
The very large slime creature is heavily wounded.
The wizard hits you but does no damage.
You hit the very large slime creature but do no damage.
The very large slime creature is heavily wounded.
The very large slime creature hits you but does no damage.
The wizard hits you but does no damage.
You sock the very large slime creature! You burn the very large slime creature.
The very large slime creature is heavily wounded.
The very large slime creature hits you!!!
You bludgeon the very large slime creature!!
You burn the very large slime creature.
The very large slime creature is severely wounded.
The wizard mumbles some strange words.
The wizard blinks!
Unknown command.
You sock the very large slime creature!
You freeze the very large slime creature.
The very large slime creature is severely wounded.
The very large slime creature hits you but does no damage.
You sock the very large slime creature!
The very large slime creature is severely wounded.
The wizard hits you but does no damage.
You sock the very large slime creature!
You freeze the very large slime creature.
The very large slime creature is almost dead.
The very large slime creature hits you but does no damage.
The wizard hits you but does no damage.
You thump the very large slime creature!
The very large slime creature easily resists.
The very large slime creature is almost dead.
The very large slime creature hits you!!!
* * * LOW HITPOINT WARNING * * *
You feel much better. The wizard hits you but does no damage.
The very large slime creature hits you!!
You die...

▒∙∙∙▒†▒ ▒∙∙∙∙∙▒ ▒∙▒
▒∙∙∙▒▒ ▒∙▒∙∙∙▒ ▒∙▒
▒▒▒∙∙∙∙▒▒ ▒∙▒▒∙▒▒
▒∙▒
▒∙∙∙∙▒∙∙▒▒▒▒▒∙▒▒∙▒
▒∙▒
▒∙∙∙∙▒▒∙∙(∙∙∙∙▒▒∙▒
▒∙▒
▒▒∙∙∙∙▒▒▒▒▒▒▒∙∙▒▒∙▒▒
▒∙▒ ∙∙∙∙∙∙▒ ▒∙∙∙∙∙∙▒
▒∙▒ ▒▒∙∙∙▒▒
▒∙∙▒J▒∙∙▒▒▒▒∙▒▒▒▒▒
▒∙∙∙▒
▒∙▒▒9▒▒∙∙▒>∙∙▒∙∙[▒▒
▒∙∙∙▒ ▒▒▒∙▒▒p▒
▒∙∙∙∙∙∙∙∙∙∙▒▒ ▒▒▒▒▒
▒▒▒∙∙∙▒▒∙▒
▒∙∙∙)∙∙∙∙∙<∙▒
▒∙∙∙▒▒▒▒∙▒
▒∙∙∙∙∙∙∙∙∙∙∙▒
▒▒▒▒∙▒▒▒ ∙∙▒
▒∙∙∙∙∙∙∙∙∙∙∙▒ ▒∙∙∙∙▒
▒▒▒ ▒▒∙∙∙∙∙∙∙∙∙▒▒
▒▒∙▒▒▒▒ ▒▒∙∙∙▒∙∙∙▒▒
▒▒∙∙▒ ▒∙∙∙▒∙▒▒▒▒▒
▒▒▒▒∙∙▒▒ ▒∙▒▒▒"▒


You could see a very large slime creature (strong, drained) and a wizard
(invisible).

Vanquished Creatures
  Saint Roka (Orc:2)
  A war gargoyle (D:12)
  Nessos (D:14)
  Josephine (Orc:2)
  The ghost of olmar the Earth Mage, a journeyman GrEE of Gozag (D:12)
  7 hydras
  A catoblepas (D:14)
  3 centaur warriors
  3 two-headed ogres
  4 boulder beetles
  6 death yaks (Lair:1)
  A two-headed ogre (shapeshifter) (Lair:2)
  An orc high priest (Orc:2)
  Nergalle (Orc:2)
  2 skysharks
  12 skeletal warriors
  4 goliath frogs (Lair:5)
  Lodul (D:11)
  2 wizards (D:14)
  5 orc knights
  Pikel (D:5)
  4 lindwurms (D:9)
  2 deep elf pyromancers (D:13)
  3 orc sorcerers (Orc:2)
  2 ugly things
  2 oklob plants (D:10)
  3 cyclopes
  A will-o-the-wisp (Lair:2)
  4 elephants (Lair:1)
  3 manticores
  An elephant (shapeshifter) (Lair:5)
  3 gargoyles
  7 black mambas
  A torpor snail (Lair:3)
  19 cane toads
  A kobold demonologist (D:7)
  8 komodo dragons
  3 rime drakes
  8 trolls
  Grinder (D:5)
  28 blink frogs
  A raiju (shapeshifter) (D:14)
  A tyrant leech (Lair:5)
  A slime creature (shapeshifter) (D:13)
  Sigmund (D:2)
  9 slime creatures
  6 wyverns
  10 wraiths
  5 shadows
  57 yaks
  Eustachio (D:4)
  2 basilisks
  3 steam dragons
  8 vampire mosquitoes
  3 wargs
  A naga (Lair:2)
  2 acid dragons
  17 water moccasins
  26 orc warriors
  2 black bears
  3 sky beasts (D:7)
  13 wolves
  2 phantoms
  7 centaurs
  16 ogres
  Blork the orc (Orc:2)
  5 kobold brigands (D:10)
  13 bullfrogs
  5 gnoll sergeants
  4 scorpions
  A wight (D:7)
  2 electric eels (Lair:3)
  12 howler monkeys
  4 hounds
  5 jellies
  13 orc priests
  A gnoll bouda (D:8)
  Crazy Yiuf (D:6)
  2 iguanas (D:5)
  24 orc wizards
  A sickly merfolk siren (Sewer)
  A malarious merfolk avatar (Sewer)
  Robin (D:4)
  14 adders
  15 gnolls
  4 river rats
  2 white imps
  3 worms
  A dart slug (D:1)
  71 orcs
  2 bats
  10 endoplasms
  5 giant cockroaches
  7 hobgoblins
  5 kobolds
  8 quokkas
  15 ball pythons
  6 frilled lizards
  17 goblins
  32 rats
673 creatures vanquished.

Vanquished Creatures (collateral kills)
  A cane toad (Lair:5)
1 creature vanquished.

Vanquished Creatures (others)
  A human (D:14)
  A water moccasin zombie (Lair:5)
  A gnoll (D:5)
3 creatures vanquished.

Grand Total: 677 creatures vanquished

Notes
Turn   | Place    | Note
-------+----------+-------------------------------------------
     0 | D:1      | Zeor the Gargoyle Gladiator began the quest for the Orb.
     0 | D:1      | Reached XP level 1. HP: 12/12 MP: 1/1
    64 | D:1      | Reached XP level 2. HP: 2/17 MP: 2/2
   759 | D:2      | Reached XP level 3. HP: 16/22 MP: 3/3
   925 | D:2      | Reached skill level 1 in Armour
  1096 | D:2      | Noticed Sigmund
  1116 | D:2      | Killed Sigmund
  1117 | D:2      | Reached skill level 5 in Staves
  1117 | D:2      | Reached XP level 4. HP: 27/27 MP: 4/4
  1117 | D:2      | Reached XP level 5. HP: 32/32 MP: 5/5
  1329 | D:2      | Reached XP level 6. HP: 36/36 MP: 6/6
  1724 | D:3      | Found a faded altar of an unknown god.
  1918 | D:3      | Reached skill level 1 in Stealth
  2483 | D:4      | Found a shadowy altar of Dithmenos.
  2483 | D:4      | Found an ornate altar of the Wu Jian Council.
  2484 | D:4      | Found a broken altar of Ashenzari.
  2496 | D:4      | Found a stormy altar of Qazlal.
  2500 | D:4      | Became a worshipper of the Wu Jian Council
  2522 | D:4      | Noticed Robin
  2557 | D:4      | Reached skill level 3 in Fighting
  2563 | D:4      | Killed Robin
  2609 | D:4      | Found an opulent altar of Gozag.
  2757 | D:4      | Found a staircase to the Ecumenical Temple.
  2773 | D:4      | Noticed Eustachio
  2808 | D:4      | Killed Eustachio
  2809 | D:4      | Reached XP level 7. HP: 38/41 MP: 7/7
  2812 | D:4      | Reached * piety under Wu Jian
  2894 | D:4      | Reached skill level 4 in Fighting
  2921 | D:4      | Found a glowing drain.
  2925 | Sewer    | Entered a sewer
  3037 | Sewer    | Reached ** piety under Wu Jian
  3524 | D:5      | Entered Level 5 of the Dungeon
  3541 | D:5      | Noticed Grinder
  3541 | D:5      | Paralysed by Grinder for 5 turns
  3557 | D:5      | Paralysed by Grinder for 4 turns
  3566 | D:5      | Paralysed by Grinder for 3 turns
  3570 | D:5      | Killed Grinder
  3571 | D:5      | Reached skill level 5 in Fighting
  3571 | D:5      | Reached XP level 8. HP: 28/49 MP: 8/8
  3838 | D:5      | Reached skill level 6 in Fighting
  3917 | D:5      | Found a radiant altar of Vehumet.
  4000 | D:5      | Noticed Pikel
  4036 | D:5      | Killed Pikel
  4037 | D:5      | Reached skill level 7 in Fighting
  4037 | D:5      | Reached XP level 9. HP: 36/57 MP: 9/9
  4239 | D:5      | You fall into a shaft and drop 1 floor!
  4294 | D:6      | Found a sacrificial altar of Ru.
  4459 | D:6      | Reached *** piety under Wu Jian
  4483 | D:6      | Found a runed translucent door.
  4484 | D:6      | Noticed Crazy Yiuf
  4489 | D:6      | Killed Crazy Yiuf
  4952 | D:7      | Found a blossoming altar of Fedhas.
  4981 | D:7      | Noticed a gargoyle
  4997 | D:7      | Found a transporter.
  4997 | D:7      | Noticed a boulder beetle
  4998 | D:7      | Noticed a troll
  4998 | D:7      | Noticed a manticore
  5014 | D:7      | Noticed a kobold demonologist
  5031 | D:7      | Reached skill level 10 in Staves
  5048 | D:7      | Reached skill level 8 in Fighting
  5048 | D:7      | Reached skill level 5 in Armour
  5572 | D:8      | Reached XP level 10. HP: 64/64 MP: 10/10
  5608 | D:8      | Reached **** piety under Wu Jian
  6155 | D:5      | Found a shimmering blue altar of Sif Muna.
  6459 | D:5      | Found Kuludu's General Store.
  6461 | D:5      | Found Soonk's Specific Store.
  6467 | D:5      | Bought a potion of heal wounds for 65 gold pieces
  6467 | D:5      | Bought a scroll of identify for 26 gold pieces
  6467 | D:5      | Bought a scroll of teleportation for 39 gold pieces
  6677 | D:7      | Found a transporter.
  6875 | D:8      | Found a glowing golden altar of the Shining One.
  7101 | D:9      | Reached skill level 9 in Fighting
  7331 | D:9      | Reached skill level 1 in Ranged Weapons
  7365 | D:9      | Noticed a boulder beetle
  7430 | D:9      | Killed a boulder beetle
  7580 | D:9      | Reached skill level 10 in Fighting
  7594 | D:9      | Found an iron altar of Okawaru.
  7632 | D:9      | Noticed a lindwurm
  7635 | D:9      | Noticed a lindwurm
  7653 | D:9      | Noticed a lindwurm
  7654 | D:9      | Noticed a lindwurm
  7746 | D:9      | Killed a lindwurm
  7747 | D:9      | Reached XP level 11. HP: 58/72 MP: 7/11
  7762 | D:9      | Killed a lindwurm
  7770 | D:9      | Killed a lindwurm
  7781 | D:9      | Killed a lindwurm
  7865 | D:10     | Entered Level 10 of the Dungeon
  8127 | D:10     | Found a staircase to the Lair.
  8127 | D:10     | Noticed an oklob plant
  8127 | D:10     | Noticed an oklob plant
  8301 | D:10     | Noticed a two-headed ogre
  8311 | D:10     | Killed a two-headed ogre
  8312 | D:10     | Reached skill level 11 in Fighting
  8519 | D:10     | Found a staircase to the Orcish Mines.
  8678 | D:10     | Found a burning altar of Makhleb.
  8680 | D:10     | Found a glowing silver altar of Zin.
  8682 | D:10     | Noticed an angel
  8683 | D:10     | Noticed a cacodemon
  8875 | D:10     | Reached ***** piety under Wu Jian
  8945 | D:10     | Killed an oklob plant
  8958 | D:10     | Killed an oklob plant
  9175 | Lair:1   | Entered Level 1 of the Lair of Beasts
  9253 | Lair:1   | Reached XP level 12. HP: 73/81 MP: 10/12
  9437 | Lair:1   | Reached skill level 12 in Fighting
 10246 | Lair:1   | Noticed a death yak
 10246 | Lair:1   | Noticed a death yak
 10304 | Lair:2   | a deep troll changed into a two-headed ogre
 10304 | Lair:2   | Noticed a two-headed ogre (glowing shapeshifter)
 10306 | Lair:2   | Killed a two-headed ogre
 10322 | Lair:2   | Found a staircase to the Swamp.
 10340 | Lair:2   | Reached skill level 13 in Fighting
 10409 | Lair:2   | Noticed a five-headed hydra
 10415 | Lair:2   | Killed a five-headed hydra
 10665 | Lair:2   | Found a staircase to the Snake Pit.
 10950 | Lair:3   | Noticed a boulder beetle
 10978 | Lair:3   | Killed a boulder beetle
 11105 | Lair:3   | Reached XP level 13. HP: 79/89 MP: 10/13
 11136 | Lair:3   | Reached skill level 14 in Fighting
 11323 | Lair:3   | Identified the +1 chain mail "Exzaova" {Rampage rCorr}
 11331 | Lair:3   | Reached ****** piety under Wu Jian
 12280 | Lair:4   | Reached skill level 5 in Throwing
 12446 | Lair:4   | Found a viscous altar of Jiyva.
 12446 | Lair:4   | Found a staircase to the Slime Pits.
 12922 | Lair:4   | Reached skill level 15 in Staves
 12922 | Lair:4   | Reached skill level 1 in Evocations
 13218 | Lair:5   | Entered Level 5 of the Lair of Beasts
 13229 | Lair:5   | Reached skill level 15 in Fighting
 13272 | Lair:5   | Gained mutation: Your large and strong wings let you fly.
                  | [Gargoyle growth]
 13272 | Lair:5   | Reached XP level 14. HP: 56/98 MP: 9/14
 13316 | Lair:5   | Reached skill level 16 in Fighting
 13316 | Lair:5   | Reached skill level 10 in Armour
 13419 | Lair:5   | Got the Guidebook on the Overcast Black Widow
 14360 | Lair:1   | Reached skill level 17 in Fighting
 14519 | Lair:1   | You are sucked into a shaft and drop 1 floor!
 14762 | Orc:1    | Entered Level 1 of the Orcish Mines
 14887 | Orc:1    | Found Kuifal's Weapon Boutique.
 15286 | Orc:2    | Entered Level 2 of the Orcish Mines
 15343 | Orc:2    | Noticed Saint Roka
 15368 | Orc:2    | Killed Saint Roka
 15386 | Orc:2    | Noticed Nergalle
 15388 | Orc:2    | Found Oryet's Antique Weapon Emporium.
 15398 | Orc:2    | Found Petiato's Book Emporium.
 15403 | Orc:2    | Reached XP level 15. HP: 108/108 MP: 6/15
 15405 | Orc:2    | Found Dyddip's Antique Armour Emporium.
 15414 | Orc:2    | Killed Nergalle
 15497 | Orc:2    | Bought a faintly glowing helmet for 275 gold pieces
 15497 | Orc:2    | Identified the +0 helmet of Boredom {rC+ Will+ Int+3} (You
                  | bought it in a shop on level 2 of the Orcish Mines)
 15497 | Orc:2    | Bought a transparent chain mail for 275 gold pieces
 15497 | Orc:2    | Identified the +2 chain mail of the Constellations {rElec}
                  | (You bought it in a shop on level 2 of the Orcish Mines)
 15691 | Orc:2    | Found Cism's General Store.
 15698 | Orc:2    | Bought a potion of berserk rage for 60 gold pieces
 15880 | Orc:2    | Noticed Blork the orc
 15886 | Orc:2    | Found a staircase to the Elven Halls.
 15886 | Orc:2    | Killed Blork the orc
 16009 | Orc:2    | Noticed Josephine
 16025 | Orc:2    | Killed Josephine
 16026 | Orc:2    | Reached skill level 18 in Fighting
 16397 | D:7      | Reached skill level 1 in Maces & Flails
 16411 | D:7      | Reached skill level 5 in Evocations
 16502 | D:7      | Identified the +2 helmet of Weupotoh {rPois rC+ Slay+3}
 17116 | D:11     | Found Qetoloni's Distillery.
 17116 | D:11     | Noticed Lodul
 17131 | D:11     | Killed Lodul
 18177 | D:12     | Found a runed translucent gate.
 18177 | D:12     | Found a runed translucent gate.
 18177 | D:12     | Found a runed translucent gate.
 18179 | D:12     | Found an opulent altar of Gozag.
 18180 | D:12     | Noticed olmar's ghost (journeyman GrEE)
 18182 | D:12     | Found Xyjidy's Assorted Antiques.
 18442 | D:12     | Killed olmar's ghost
 18525 | D:12     | Bought a potion of heal wounds for 160 gold pieces
 18525 | D:12     | Bought a pearl ring for 160 gold pieces
 20062 | D:14     | Noticed Nessos
 20096 | D:14     | Killed Nessos
 20335 | D:14     | Reached skill level 19 in Fighting
 20549 | D:14     | Reached XP level 16. HP: 101/116 MP: 13/16
 20722 | D:14     | Slain by a very large slime creature

Illustrated notes

Levels and vault maps discovered:
D:1:      roderic_crop_circles_arrival_small, layout_basic,
          nicolae_kite_square_tiling_tiny
D:2:      layout_basic, serial_forest, infiniplex_forest_side_room,
          infiniplex_forest_zigzag_1, infiniplex_forest_clump_small,
          infiniplex_forest_clump_cross, infiniplex_forest_lined_room_2,
          infiniplex_forest_lined_4_way, uniq_sigmund
D:3:      layout_rooms, shapermc_ecumenical_altar_ellora
D:4:      layout_cave_pools, mainiacjoe_overflow_cross_hatched,
          nicolae_overflow_quartered_altars, minmay_temple_entry_junction,
          gup_sewer_entry_spiral, uniq_robin, uniq_eustachio
D:5:      nicolae_cairo_tiling, layout_layer_cave, mainiacjoe_overflow_chevrons,
          kennysheep_mini_moat, nicolae_specific_store, uniq_pikel, uniq_grinder
D:6:      layout_basic, lemuel_coloured_pillars_altar, uniq_crazy_yiuf_cottage
D:7:      gammafunk_the_bubble [the_bubble_gammafunk_crates], layout_loops_ring,
          lemuel_crystal_altar, minmay_strange_pillars,
          kennysheep_generic_room_16
D:8:      layout_rooms, kennysheep_mini
D:9:      layout_rooms, mainiacjoe_overflow_brackets, minmay_lindwurm_lava
D:10:     layout_cave_pools, grunt_temple_overflow_order_and_chaos_2,
          dpeg_oklobed_lair, kennysheep_orc_monster_closet_entryway
D:11:     layout_roguey, serial_shops, nicolae_shop_industrial_runoff,
          nrook_pool_corridor, uniq_lodul
D:12:     layout_basic, ebering_ghost_gozag
D:13:     layout_long_grid
D:14:     layout_rooms, ximxim_vaults_locker_room, serial_park_square1
          [serial_park_minivault_5x5_5], uniq_nessos
Lair:1:   layout_cave_pods, grunt_megastairs_2
Lair:2:   layout_misc_corridors, minmay_swamp_entry_wisps,
          guppyfry_snake_entry_island, chequers_serial_rivers_micro_b
Lair:3:   layout_regular_city, pdpol_lair_cavern_descent
Lair:4:   layout_cave_pods, slime_entry_1, nicolae_lair_grove_arrangements
Lair:5:   minmay_lair_end_frog_pond, layout_big_grid,
          pdpol_lair_neglected_garden, hangedman_lair_unloving_vines
Orc:1:    layout_caves, serial_shops, nicolae_shop_mannequins
Orc:2:    grunt_orc_cross, layout_diamond_mine, sword_in_stone, uniq_josephine

Skill      XL: |  1  2  3  4  5  6  7  8  9 10 11 12 13 14 15 |
---------------+----------------------------------------------+-----
Staves         | 5 6 7 9 10 12 13 14 15 16 | 16.4
Armour         | 1 2 3 4 5 6 8 9 10 11 | 11.7
Stealth        | 1 2 3 |  3.2
Fighting       | 3 5 7 8 10 11 13 15 17 19 | 19.0
Dodging        | 3 |  3.9
Ranged Weapons | 1 |  1.5
Throwing       | 3 5 |  5.1
Evocations     | 2 4 6 |  6.4
Maces & Flails | 4 |  4.0

Action                     |  1- 3 |  4- 6 |  7- 9 | 10-12 | 13-15 | 16-18 || total
---------------------------+-------+-------+-------+-------+-------+-------++-------
  Melee: Quarterstaff      |   123 |   184 |   465 |   703 |  1498 |    33 ||  3006
         Mace              |       |       |     9 |       |       |       ||     9
         Dire flail        |       |       |       |       |   143 |     3 ||   146
   Fire: Arbalest          |       |       |       |     1 |       |       ||     1
  Throw: Dart              |       |       |       |       |     5 |       ||     5
         Boomerang         |       |       |       |       |     1 |       ||     1
         Javelin           |       |       |       |       |     2 |       ||     2
 Invoke: Heavenly Storm    |       |       |       |       |     2 |       ||     2
         Serpent's Lash    |       |       |       |       |     1 |       ||     1
Ability: Lunge             |       |     6 |    30 |    46 |   103 |     1 ||   186
         Whirlwind         |       |       |    48 |    61 |   246 |       ||   355
         Wall Jump         |       |       |     4 |    13 |    33 |       ||    50
  Evoke: Wand              |       |       |       |       |     1 |       ||     1
    Use: Scroll            |     4 |     5 |     6 |     8 |     4 |       ||    27
         Potion            |     2 |     2 |       |     3 |     2 |     1 ||    10
   Stab: Confused          |       |       |       |     5 |     7 |       ||    12
         Paralysed         |       |       |       |     3 |     1 |       ||     4
         Petrified         |       |       |       |       |    11 |       ||    11
         Petrifying        |       |       |       |       |     3 |       ||     3
         Distracted        |       |       |       |       |     1 |       ||     1
 Armour: Leather armour    |    28 |    18 |       |       |       |       ||    46
         Plate armour      |       |    91 |   225 |   288 |   642 |    17 ||  1263
  Dodge: Dodged            |    85 |   147 |   198 |   251 |   596 |     4 ||  1281
